 Dungeon Crawl Stone Soup version 0.30-b1-2-g02819fbbbe (webtiles) character file.

Game seed: 16859636284183039775

507 Borgoz the Ruffian (level 7, 0/60 HPs)
             Began as a Ghoul Gladiator on June 22, 2023.
             Slain by a steam dragon (7 damage)
             ... on level 4 of the Dungeon.
             The game lasted 00:04:53 (3542 turns).

Borgoz the Ruffian (Ghoul Gladiator)                Turns: 3542, Time: 00:04:53

Health: 0/60       AC:  5    Str: 20    XL:     7   Next: 18%
Magic:  6/6        EV: 13    Int:  3    God:
Gold:   180        SH:  0    Dex: 16    Spells: 6/6 levels left

rFire   + .          .
                       - Unarmed
rCold   + . .        (no shield)
rNeg    + + +        i - +0 leather armour {rF+}
rPois   ∞            b - +1 helmet
rElec   .            (no cloak)
rCorr   .            (no gloves)
SInv    .            (no boots)
Will    .....        e - amulet of faith
Stlth   +            f - +6 ring of dexterity
HPRegen 0.00/turn    (no ring)
MPRegen 0.10/turn

%: faith
@: inhibited regen
A: claws 1, cold resistance 1, negative energy resistance 3, inhibited
regeneration, torment resistance 2, devour on kill
a: no special abilities


You were on level 4 of the Dungeon.
You visited 1 branch of the dungeon, and saw 5 of its levels.

You collected 180 gold pieces.

Inventory:

Missiles
 c - a throwing net (quivered)
 d - a javelin
 j - 6 curare-tipped darts
Armour
 b - a +1 helmet (worn)
 i - a +0 leather armour of fire resistance (worn)
Jewellery
 e - an amulet of faith (around neck)
 f - a +6 ring of dexterity (left claw)
Scrolls
 g - a scroll of amnesia
 h - a scroll of enchant weapon
 l - a scroll of enchant armour


   Skills:
 * Level 4.5 Fighting
 - Level 1.7 Throwing
 * Level 3.1 Armour
 * Level 4.2 Dodging
 * Level 5.1 Unarmed Combat


You had 6 spell levels left.
You didn't know any spells.
Your spell library was empty.

Dungeon Overview and Level Annotations

Branches:
Dungeon (5/15)
 Temple: D:4-7

Altars:
Hepliaklqana
Sif Muna
Xom
Yredelemnul

Shops:
D:4 (


Innate Abilities, Weirdness & Mutations

You are immune to poison.
You have sharp fingernails.
Your flesh is cold resistant. (rC+)
You are immune to negative energy. (rN+++)
You do not regenerate when monsters are visible.
You are immune to unholy pain and torment.
You thrive by killing the living.


Message History

The steam dragon barely misses you. The steam dragon claws you.
You scratch the steam dragon but do no damage.
The steam dragon breathes steam at you. The ball of steam misses you.
You claw the steam dragon!
The steam dragon is moderately wounded.
The steam dragon bites you!
The steam dragon claws you but does no damage.
You scratch the steam dragon but do no damage.
The steam dragon is moderately wounded.
The steam dragon breathes steam at you. The ball of steam hits you. You resist.
The steam dragon breathes steam at you. The ball of steam hits you. You resist.
You scratch the steam dragon.
The steam dragon is moderately wounded.
The steam dragon breathes steam at you. The ball of steam misses you.
The steam dragon closely misses you.
The steam dragon claws you but does no damage.
You scratch the steam dragon.
The steam dragon is heavily wounded.
The steam dragon bites you! The steam dragon closely misses you.
You closely miss the steam dragon.
The steam dragon is heavily wounded.
You scratch the steam dragon.
The steam dragon is heavily wounded.
The steam dragon bites you. The steam dragon misses you.
You claw the steam dragon!
The steam dragon is almost dead.
The steam dragon bites you!
* * * LOW HITPOINT WARNING * * *
The steam dragon closely misses you.
You scratch the steam dragon but do no damage.
The steam dragon is almost dead.
The steam dragon breathes steam at you. The ball of steam hits you! You resist.
* * * LOW HITPOINT WARNING * * *
The steam dragon bites you!
You die...

#.# #.# #.# #.#
###########.# #.#
##########...........#
#.#
.....................#
#.#
.....................#
#.#
.............#####...#
#.#
##################.###
#.#
................@D>#
#.#
###########.....§.##
#.# .# #.....§..# #.#
.# ####.#..§...# #.#
.# ##....#.§..!.# #.#
.# #..####§.....# #.#
.# #.## #......#####
#.# .# #.#
#..........## #.# .#
#.# #......###..# #.#


You could see a steam dragon (catching breath).

Vanquished Creatures
  A phantom (D:4)
  Blork the orc (D:4)
  A scorpion (D:4)
  A hound (D:4)
  A jelly (D:5)
  An iguana (D:4)
  An orc wizard (D:4)
  7 gnolls (D:3)
  3 adders
  2 worms
  A dart slug (D:3)
  12 orcs (D:4)
  7 ball pythons
  7 endoplasms
  2 giant cockroaches
  5 goblins
  6 hobgoblins
  8 jackals
  6 quokkas
  3 bats
  2 frilled lizards (D:3)
  4 kobolds
  2 rats
84 creatures vanquished.

Vanquished Creatures (others)
  13 fungi (D:5)
13 creatures vanquished.

Grand Total: 97 creatures vanquished

Notes
Turn   | Place    | Note
-------+----------+-------------------------------------------
     0 | D:1      | Borgoz the Ghoul Gladiator began the quest for the Orb.
     0 | D:1      | Reached XP level 1. HP: 17/17 MP: 0/0
     6 | D:1      | Noticed a lindwurm
     6 | D:1      | Noticed a wolf
     7 | D:1      | Noticed a black mamba
     7 | D:1      | Noticed a wyvern
   123 | D:1      | Reached XP level 2. HP: 22/25 MP: 1/1
   722 | D:2      | Reached XP level 3. HP: 30/30 MP: 2/2
   727 | D:2      | Reached skill level 1 in Armour
  1257 | D:3      | Found a hazy altar of Hepliaklqana.
  1333 | D:3      | Reached XP level 4. HP: 37/38 MP: 3/3
  1455 | D:3      | Reached skill level 4 in Unarmed Combat
  1793 | D:3      | Reached XP level 5. HP: 45/45 MP: 4/4
  2178 | D:4      | Found Immuh's Weapon Boutique.
  2411 | D:4      | Reached XP level 6. HP: 52/52 MP: 5/5
  2570 | D:4      | Noticed Blork the orc
  2586 | D:4      | Killed Blork the orc
  2785 | D:4      | Found a shimmering blue altar of Sif Muna.
  2864 | D:4      | Reached skill level 5 in Unarmed Combat
  2969 | D:4      | Reached XP level 7. HP: 48/60 MP: 6/6
  3007 | D:4      | Found a basalt altar of Yredelemnul.
  3033 | D:4      | Found a shimmering altar of Xom.
  3424 | D:5      | Entered Level 5 of the Dungeon
  3458 | D:5      | Noticed a steam dragon
  3460 | D:5      | Noticed a steam dragon
  3542 | D:4      | Slain by a steam dragon

Illustrated notes

Levels and vault maps discovered:
D:1:      onia_arrival_zoo_common, layout_loops_ring
D:2:      layout_basic
D:3:      layout_basic, nicolae_hepliaklqana_hazy_memory, amcnicky_altar_gilded
D:4:      layout_basic, nicolae_overflow_quartered_altars, serial_shops,
          nicolae_shop_tiny_real_fake_doors, uniq_blork_the_orc
D:5:      kennysheep_steamy, layout_basic, nicolae_gozag_zags_fifth_avenue,
          minmay_temple_entry_grid, uniq_menkaure, uniq_duvessa

Skill      XL: |  1  2  3  4  5  6  7 |
---------------+----------------------+-----
Dodging        | 3 4 |  4.2
Armour         | 1 2 3 |  3.1
Fighting       | 3 4 |  4.5
Unarmed Combat | 4 5 |  5.1
Throwing       | |  1.7

Action                     |  1- 3 |  4- 6 |  7- 9 || total
---------------------------+-------+-------+-------++-------
  Melee: Unarmed           |   109 |   142 |    40 ||   291
         Punch             |     1 |     6 |       ||     7
  Throw: Throwing net      |       |     4 |       ||     4
         Javelin           |       |     1 |       ||     1
    Use: Scroll            |       |     9 |     2 ||    11
         Potion            |       |     5 |       ||     5
   Stab: Sleeping          |       |       |     1 ||     1
 Armour: Leather armour    |    18 |    24 |    12 ||    54
  Dodge: Dodged            |    72 |    78 |    22 ||   172
